 Dungeon Crawl Stone Soup version 0.23-a0-389-g4a5eb33 (webtiles) character file.

82 Cryolive the Digger (level 4, -7/24 HPs)
             Began as a Gargoyle Earth Elementalist on Oct 29, 2018.
             Killed from afar by an orc wizard (10 damage)
             ... with a puff of flame
             ... on level 3 of the Dungeon.
             The game lasted 00:04:52 (1603 turns).

Cryolive the Digger (Gargoyle Earth Elementalist)   Turns: 1603, Time: 00:04:53

Health: -7/24      AC:  6    Str: 11    XL:     4   Next: 43%
Magic:  16/16      EV: 12    Int: 17    God:
Gold:   107        SH:  0    Dex: 10    Spells: 4/8 levels left

rFire    . . .     SeeInvis .   q - +0 whip (venom)
rCold    . . .     Gourm    .   (no shield)
rNeg     + . .     Faith    .   c - +0 robe
rPois    ∞         Spirit   .   (no helmet)
rElec    +         Reflect  .   (no cloak)
rCorr    .         Harm     .   (no gloves)
MR       +....                  p - +0 pair of boots
Stlth    ++........             j - amulet of magic regeneration
HPRegen  0.08/turn              e - ring of protection from magic
MPRegen  0.40/turn              h - ring of magical power

@: no status effects
A: negative energy resistance 1, electricity resistance, unbreathing,
petrification resistance, rot immunity, AC +3
a: no special abilities


You were on level 3 of the Dungeon.
You were not hungry.

You visited 1 branch of the dungeon, and saw 3 of its levels.

You collected 107 gold pieces.

Inventory:

Hand Weapons
 q - a +0 whip of venom (weapon)
Missiles
 b - 52 stones (quivered)
Armour
 c - a +0 robe (worn)
 p - a +0 pair of boots (worn)
Jewellery
 e - a ring of protection from magic (left hand)
 h - a ring of magical power (right hand)
 j - an amulet of magic regeneration (around neck)
Scrolls
 a - a scroll of noise {unknown}
 f - 2 scrolls of remove curse {unknown}
 g - a scroll of enchant armour {unknown}
 m - a scroll of identify {unknown}
Potions
 i - a potion of curing {unknown}
 k - a potion of brilliance {unknown}
 l - a potion of flight {unknown}
 o - a potion of ambrosia {unknown}
 r - a potion of resistance {unknown}
Comestibles
 d - 4 rations
 n - 2 chunks of flesh


   Skills:
 - Level 0.4 Fighting
 + Level 2.0 Dodging
 - Level 2.5 Stealth
 + Level 2.5 Spellcasting
 + Level 1.2 Conjurations
   Level 0.7 Transmutations
 + Level 4.8 Earth Magic


You had 4 spell levels left.
You knew the following spells:

 Your Spells              Type           Power        Failure   Level  Hunger
a - Sandblast             Erth           ###...       2%          1    #......
b - Stone Arrow           Conj/Erth      ##....       16%         3    ###....

Your spell library contained the following spells:

 Spells                   Type           Power        Failure   Level  Hunger
 Passwall                 Tmut/Erth      ##......     9%          2    ##.....
 Petrify                  Tmut/Erth      ##......     52%         4    #####..
 Lee's Rapid Deconstruct  Erth           ###.......   56%         5    ######.


Dungeon Overview and Level Annotations

Branches:
Dungeon (3/15)

Altars:


Innate Abilities, Weirdness & Mutations

You are resistant to torment.
Your stone body is resilient. (AC +3)
You are immune to poison.
You resist negative energy. (rN+)
You are resistant to electric shocks. (rElec)
You can survive without breathing.
You are immune to petrification.
You are immune to rotting.


Message History

The orc wizard gestures wildly while chanting.
The orc wizard seems to speed up.
The orc wizard gestures at you while chanting.
The magic dart hits you!
The orc priest calls upon Beogh to heal the orc wizard.
The orc wizard's wounds heal themselves!
The orc wizard closely misses you.
The orc wizard mumbles some strange words.
The orc wizard blinks!
The orc wizard begins to cast a cantrip, but forgets the words!
The orc wizard hits you with a +0 dagger.
The orc wizard barely misses you.
The orc wizard looks more healthy.
The orc wizard casts a spell at you. The magic dart hits you!
* * * LOW HITPOINT WARNING * * *
The orc wizard hits you but does no damage.
The orc wizard casts a spell at you. The puff of flame hits you!
You die...

.#####....######.###
.........##.#......
####..#.o.#.#.#.#.#
........o)........ .
####............# ..
......#.oo......# ..
......#..o......#.###
......#..............
..##+ #.#@........#
.. #.#.###.########
#.#.#...........
#.#.#.#)########
#.#.#.# #.#.#'#######
#.#..........
#.#..........
#..........


You could see an orc priest, 2 orc wizards and 2 orcs.

Vanquished Creatures
  4 adders
  2 worms
  A dart slug (D:1)
  A leopard gecko (D:2)
  An orc (D:3)
  6 bats
  3 giant cockroaches
  3 goblins
  2 hobgoblins (D:2)
  4 jackals (D:2)
  5 kobolds
  A quokka (D:2)
  2 frilled lizards (D:2)
  3 rats
38 creatures vanquished.

Notes
Turn   | Place    | Note
-------+----------+-------------------------------------------
     0 | D:1      | Cryolive the Gargoyle Earth Elementalist began the quest
                  | for the Orb.
     0 | D:1      | Reached XP level 1. HP: 10/10 MP: 3/3
   665 | D:1      | Reached XP level 2. HP: 13/16 MP: 5/5
   795 | D:2      | Reached skill level 4 in Earth Magic
   923 | D:2      | Reached XP level 3. HP: 10/20 MP: 6/6
   930 | D:2      | Learned a level 3 spell: Stone Arrow
  1508 | D:3      | Reached XP level 4. HP: 23/24 MP: 7/7
  1517 | D:3      | Reached skill level 1 in Conjurations
  1603 | D:3      | Killed from afar by an orc wizard

Vault maps used:
D:1:      minmay_arrival_three_doors
D:3:      lemuel_round_altar, first_ration, chequers_ecumenical_altar_twisty,
          nicolae_ru_sacrificial_ziggurat

Skill      XL: |  1  2  3  4 |
---------------+-------------+-----
Earth Magic    | 4 |  4.8
Conjurations   | 1 |  1.2
Dodging        | 2 |  2.0
Fighting       | |  0.4
Stealth        | |  2.5
Spellcasting   | |  2.5
Transmutations | |  0.7

Action                   |  1- 3 |  4- 6 || total
-------------------------+-------+-------++-------
Melee: Unarmed           |    46 |       ||    46
       Spear             |    23 |       ||    23
       Whip              |    73 |    40 ||   113
 Cast: Sandblast         |    10 |     1 ||    11
 Stab: Distracted        |     1 |       ||     1
       Sleeping          |     1 |       ||     1
  Eat: Chunk             |     2 |     1 ||     3
Armor: Robe              |    70 |    22 ||    92
Dodge: Dodged            |   115 |    27 ||   142

Table legend:
 A = Non-vault XP
 B = Vault XP
 C = Vault XP percentage of total XP
 D = Non-vault monster count
 E = Vault monster count
 F = Vault count percentage of total count
                 A         B        C        D         E       F
            +---------+---------+-------+---------+---------+-------
      Total |     118 |       0 |   0.0 |      38 |       0 |   0.0
            +---------+---------+-------+---------+---------+-------
        D:1 |      10 |       0 |   0.0 |       5 |       0 |   0.0
        D:2 |      69 |       0 |   0.0 |      26 |       0 |   0.0
        D:3 |      39 |       0 |   0.0 |       7 |       0 |   0.0
            +---------+---------+-------+---------+---------+-------
